Map: Ruinas de Endión

Players

xXkazperXx

  • Race: Zerg Zerg
  • League: Bronze

RANURA DE IA (Más difícil) - Winner!

  • Race: Protoss Protoss

VOD

Have the link to the VOD?

Description

Time

  • Played on: April 10, 2016, 1:55 a.m.
  • Length: 6:30
Show
View Real Time Build Order
Export as new Build Order

xXkazperXx Zerg 

Build Orders: Pool Only 

Get SALT Encoding   

  12  0:01  Drone  
  13  0:13  Overlord  
  13  0:17  Drone  
  14  0:37  Spawning Pool  
  13  0:43  Drone x2  
  13  0:46  Drone  
  16  1:03  Extractor  
  15  1:05  Drone x2  
  17  1:16  Overlord  
  17  1:23  Queen  
  19  1:34  Drone  
  20  1:44  Zergling x2  
  21  1:58  Zergling x2  
  22  2:14  Roach Warren  
  21  2:17  Drone x2  
  21  2:21  Drone  
  24  2:40  Zergling x2  
  24  2:41  Overlord  
  25  3:07  Roach x3  
  31  3:18  Roach x3  
  37  3:26  Extractor, Drone  
  37  3:46  Overlord  
  37  3:56  Lair  
  37  4:03  Spine Crawler  
  37  4:06  Spine Crawler  
  37  4:08  Roach x3  
  41  4:25  Evolution Chamber  
  41  4:28  Roach x2  
  44  4:42  Drone x2  
  44  4:45  Overlord  
  46  5:14  Hydralisk Den, Drone x3  
  45  5:15  Drone x3  
  32  5:37  Roach x2  
  30  5:53  Roach  
  32  5:59  Spire  
Show
View Real Time Build Order
Export as new Build Order

RANURA DE IA (Más difícil) Protoss - Winner!

Build Orders:  

Get SALT Encoding   

  12  0:01  Probe (Chrono Boost)  
  13  0:11  Probe (Chrono Boost)  
  14  0:20  Pylon  
  14  0:22  Probe (Chrono Boost)  
  15  0:39  Probe (Chrono Boost)  
  16  0:48  Assimilator  
  16  0:49  Probe (Chrono Boost)  
  17  0:51  Gateway  
  17  1:00  Probe (Chrono Boost)  
  17  1:02  Pylon  
  18  1:10  Probe (Chrono Boost)  
  19  1:23  Probe (Chrono Boost)  
  20  1:34  Zealot  
  22  1:43  Cybernetics Core  
  22  1:45  Gateway  
  22  1:47  Assimilator  
  22  1:58  Zealot  
  22  2:08  Pylon  
  24  2:14  Warp Gate  
  24  2:24  Zealot  
  26  2:30  Zealot  
  28  2:42  Pylon  
  28  2:50  Adept  
  28  2:55  Stalker  
  32  3:11  Probe (Chrono Boost)  
  33  3:16  Stalker  
  35  3:22  Probe (Chrono Boost)  
  35  3:24  Pylon, Adept  
  39  3:34  Probe (Chrono Boost)  
  39  3:40  Forge  
  39  3:45  Stalker  
  39  3:46  Probe (Chrono Boost)  
  42  3:50  Zealot  
  44  3:58  Probe (Chrono Boost)  
  46  4:10  Probe (Chrono Boost)  
  46  4:54  Sentry  
  46  4:56  Gateway  
  46  4:58  Pylon  
  48  5:01  Stalker, Nexus  
  50  5:16  Stalker  
  52  5:23  Pylon  
  52  5:24  Stalker  
  46  5:37  Stalker  
  46  5:46  Stalker  
  48  5:54  Adept  
  48  5:56  Robotics Facility  
  50  6:02  Stalker  
  50  6:10  Sentry  
  52  6:16  Twilight Council  
  52  6:18  Stalker  
Tags
 
Add a new tag
Caveats
  • Supply blocks, unpowered buildings, or Contaminate may cause inaccurate times.
  • Supply counts are checked every 10 seconds.